[ PARTIDA AOE2 · #484461676 ]
UnrankedItalianos vs Vietnamese
[ ANÁLISIS DE REPETICIÓN · EXTRAÍDO DE LA PARTIDA GRABADA ]
Feudal
—
Castillos
—
Imperial
—
| APM promedio | 13.8 |
| APM pico | 29 |
| eAPM promedio | 8.4 |
| Aldeanos / militares | 51 / 23 |
Foco
⚔️ 21.1% · 🌾 78.9%
Fishing Ship ×19 · Genoese Crossbowman ×19 · Battering Ram ×2 · Transport Ship ×2
Feudal
—
Castillos
—
Imperial
—
| APM promedio | 23.5 |
| APM pico | 58 |
| eAPM promedio | 13.8 |
| Aldeanos / militares | 116 / 51 |
Foco
⚔️ 20.1% · 🌾 79.9%
Fishing Ship ×29 · Rattan Archer ×25 · Petard ×21 · Battering Ram ×4 · Mangonel ×1
Feudal
—
Castillos
—
Imperial
—
| APM promedio | 29.2 |
| APM pico | 51 |
| eAPM promedio | 16.0 |
| Aldeanos / militares | 70 / 21 |
Foco
⚔️ 37.4% · 🌾 62.6%
Organ Gun ×10 · Fishing Ship ×7 · Monk ×5 · Mangonel ×5 · Battering Ram ×1
Feudal
—
Castillos
—
Imperial
—
| APM promedio | 44.4 |
| APM pico | 81 |
| eAPM promedio | 18.5 |
| Aldeanos / militares | 109 / 41 |
Foco
⚔️ 22.7% · 🌾 77.3%
Elephant Archer ×27 · Fishing Ship ×10 · Fire Galley ×8 · Urumi Swordsman ×3 · Mangonel ×2 · Demolition Raft ×1
Feudal
—
Castillos
—
Imperial
—
| APM promedio | 11.0 |
| APM pico | 33 |
| eAPM promedio | 7.9 |
| Aldeanos / militares | 40 / 0 |
Foco
⚔️ 23.3% · 🌾 76.7%
Unknown (2550) ×7 · Fishing Ship ×3
Feudal
—
Castillos
—
Imperial
—
| APM promedio | 19.3 |
| APM pico | 40 |
| eAPM promedio | 10.0 |
| Aldeanos / militares | 58 / 20 |
Foco
⚔️ 25.3% · 🌾 74.7%
Fishing Ship ×17 · Galley ×12 · Demolition Raft ×8
Feudal
—
Castillos
—
Imperial
—
| APM promedio | 31.2 |
| APM pico | 78 |
| eAPM promedio | 17.9 |
| Aldeanos / militares | 112 / 45 |
Foco
⚔️ 27.3% · 🌾 72.7%
Karambit Warrior ×26 · Fire Galley ×15 · Fishing Ship ×10 · Unknown (2626) ×7 · Battering Ram ×4
Feudal
—
Castillos
—
Imperial
—
| APM promedio | 33.7 |
| APM pico | 61 |
| eAPM promedio | 11.7 |
| Aldeanos / militares | 61 / 30 |
Foco
⚔️ 21.0% · 🌾 79.0%
Fishing Ship ×15 · Battering Ram ×13 · Knight ×9 · Mangonel ×4 · Demolition Raft ×3 · War Elephant ×1
Mapa de la partida
Recursos iniciales + cada clic de construcción. Líneas = muros · curvas = relieve. ◆ oro · ⬟ piedra · ● bayas · ✦ reliquia · ◌ hueco del cierre
Tu base· Abierta — hueco de 14t
Base de OL noken· Abierta — hueco de 2t
Base de RKs Raggz· Abierta — hueco de 11t
Base de walnuth· Abierta — hueco de 15t
Base de EdgarAlRiver· Abierta — flanco sin cerrar
Base de SLAMCOW· ✓ Cerrada en 26:19 · 26t muro · 5 puerta(s) · frágil
Base de MORIS0202· Abierta — hueco de 9t
Base de SLAMFOX· Abierta — flanco sin cerrar
Terreno inicial suavizado · ◌ = hueco del cierre detectado · pasá el cursor para detalles
Inputs por minuto
— Razgado12 - - OL noken
Build order — Razgado12
136 acciones detectadas en el replay
| 1:10 | Construir | Town Center |
| 3:02 | Construir | Dock |
| 3:04 | Construir | House |
| 3:06 | Construir | House |
| 3:11 | Crear | Villager (Male) |
| 3:11 | Crear | Villager (Male) |
| 3:11 | Crear | Villager (Male) |
| 3:12 | Crear | Villager (Male) |
| 4:37 | Crear | Fishing Ship |
| 5:17 | Crear | Fishing Ship |
| 5:52 | Crear | Fishing Ship |
| 5:55 | Crear | Villager (Male) |
| 6:35 | Crear | Villager (Male) |
| 6:56 | Crear | Villager (Male) |
| 6:57 | Crear | Villager (Male) |
| 7:02 | Crear | Fishing Ship |
| 7:02 | Crear | Fishing Ship |
| 7:10 | Crear | Villager (Male) |
| 7:11 | Crear | Villager (Male) |
| 7:32 | Construir | House |
| 7:36 | Crear | Villager (Male) |
| 7:36 | Crear | Villager (Male) |
| 7:42 | Construir | House |
| 7:42 | Crear | Villager (Male) |
| 7:43 | Crear | Villager (Male) |
| 7:43 | Crear | Villager (Male) |
| 8:20 | Crear | Villager (Male) |
| 8:20 | Crear | Villager (Male) |
| 8:43 | Construir | House |
| 8:46 | Crear | Villager (Male) |
| 8:46 | Crear | Villager (Male) |
| 8:53 | Crear | Fishing Ship |
| 8:53 | Crear | Fishing Ship |
| 9:34 | Crear | Fishing Ship |
| 9:34 | Crear | Fishing Ship |
| 9:37 | Crear | Fishing Ship |
| 10:18 | Construir | Mill |
| 10:48 | Construir | Mill |
| 10:55 | Crear | Villager (Male) |
| 10:55 | Crear | Villager (Male) |
| 11:05 | Crear | Fishing Ship |
| 11:05 | Crear | Fishing Ship |
| 11:48 | Investigar | Feudal Age |
| 12:16 | Crear | Fishing Ship |
| 13:14 | Construir | Mining Camp |
| 13:21 | Crear | Fishing Ship |
| 13:21 | Crear | Fishing Ship |
| 13:38 | Construir | Dock |
| 13:42 | Construir | House |
| 13:48 | Construir | House |
| 13:57 | Investigar | Loom |
| 14:09 | Crear | Villager (Male) |
| 14:09 | Crear | Villager (Male) |
| 14:18 | Construir | Blacksmith |
| 15:49 | Construir | Market |
| 16:14 | Investigar | Gold Mining |
| 16:29 | Construir | House |
| 16:31 | Crear | Villager (Male) |
| 16:32 | Crear | Villager (Male) |
| 17:07 | Investigar | Castle Age |
| 18:00 | Construir | Lumber Camp |
| 18:47 | Construir | Mill |
| 19:04 | Crear | Villager (Male) |
| 19:04 | Crear | Villager (Male) |
| 19:05 | Crear | Villager (Male) |
| 19:05 | Crear | Villager (Male) |
| 19:11 | Investigar | Double-Bit Axe |
| 21:08 | Construir | Castle |
| 21:12 | Investigar | Fletching |
| 21:20 | Construir | House |
| 21:22 | Construir | House |
| 21:30 | Construir | House |
| 21:35 | Construir | House |
| 22:03 | Crear | Villager (Male) |
| 22:03 | Crear | Villager (Male) |
| 22:42 | Construir | Mining Camp |
| 22:53 | Crear | Genoese Crossbowman ×14 |
| 23:07 | Crear | Villager (Male) |
| 23:14 | Investigar | Horse Collar |
| 24:16 | Construir | Farm |
| 24:16 | Construir | Farm |
| 24:16 | Construir | Farm |
| 24:16 | Construir | Farm |
| 24:17 | Construir | Farm |
| 24:17 | Construir | Farm |
| 24:17 | Construir | Farm |
| 24:17 | Construir | Farm |
| 24:18 | Construir | Farm |
| 24:19 | Construir | Farm |
| 24:22 | Crear | Villager (Male) |
| 24:22 | Crear | Villager (Male) |
| 24:24 | Crear | Villager (Male) |
| 24:25 | Crear | Villager (Male) |
| 25:38 | Crear | Villager (Male) |
| 25:39 | Crear | Villager (Male) |
| 25:39 | Crear | Villager (Male) |
| 25:53 | Construir | Siege Workshop |
| 26:00 | Crear | Villager (Male) |
| 26:00 | Crear | Villager (Male) |
| 26:50 | Crear | Battering Ram |
| 27:09 | Crear | Villager (Male) |
| 27:10 | Crear | Villager (Male) |
| 27:42 | Crear | Battering Ram |
| 28:12 | Crear | Villager (Male) |
| 28:12 | Crear | Villager (Male) |
| 28:12 | Crear | Villager (Male) |
| 28:35 | Construir | Castle |
| 29:12 | Crear | Genoese Crossbowman |
| 29:13 | Crear | Genoese Crossbowman |
| 29:13 | Crear | Genoese Crossbowman |
| 29:13 | Crear | Genoese Crossbowman |
| 29:13 | Crear | Genoese Crossbowman |
| 29:24 | Construir | Farm |
| 30:54 | Crear | Villager (Male) |
| 30:54 | Crear | Villager (Male) |
| 30:55 | Crear | Villager (Male) |
| 30:55 | Crear | Villager (Male) |
| 30:56 | Crear | Villager (Male) |
| 31:30 | Construir | Dock |
| 31:39 | Construir | Farm |
| 32:26 | Construir | House |
| 32:28 | Construir | House |
| 32:29 | Construir | House |
| 32:38 | Construir | House |
| 32:38 | Construir | House |
| 33:05 | Crear | Fishing Ship |
| 33:06 | Crear | Fishing Ship |
| 33:06 | Crear | Fishing Ship |
| 33:07 | Crear | Fishing Ship |
| 33:34 | Construir | House |
| 33:36 | Construir | House |
| 34:44 | Investigar | Bodkin Arrow |
| 35:33 | Crear | Transport Ship |
| 35:34 | Crear | Transport Ship |
| 35:48 | Construir | Town Center |
| 36:00 | Investigar | Wheelbarrow |
Build order — OL noken
Primeras 150 de 178 acciones detectadas
| 0:50 | Construir | Town Center |
| 1:28 | Construir | Dock |
| 3:05 | Crear | Villager (Male) |
| 3:05 | Crear | Villager (Male) |
| 3:05 | Crear | Villager (Male) |
| 3:06 | Crear | Villager (Male) |
| 3:06 | Crear | Villager (Male) |
| 4:39 | Crear | Villager (Male) |
| 4:39 | Crear | Villager (Male) |
| 4:40 | Crear | Villager (Male) |
| 4:55 | Crear | Fishing Ship |
| 4:56 | Crear | Fishing Ship |
| 4:56 | Crear | Fishing Ship |
| 5:00 | Construir | House |
| 5:17 | Crear | Villager (Male) |
| 5:17 | Crear | Villager (Male) |
| 5:17 | Crear | Villager (Male) |
| 5:35 | Investigar | Loom |
| 5:41 | Crear | Fishing Ship |
| 5:41 | Crear | Fishing Ship |
| 5:42 | Crear | Fishing Ship |
| 5:42 | Crear | Fishing Ship |
| 5:42 | Crear | Fishing Ship |
| 6:01 | Crear | Villager (Male) |
| 6:01 | Crear | Villager (Male) |
| 6:01 | Crear | Villager (Male) |
| 6:25 | Crear | Fishing Ship |
| 6:26 | Crear | Fishing Ship |
| 6:26 | Crear | Fishing Ship |
| 6:28 | Crear | Villager (Male) |
| 6:28 | Crear | Villager (Male) |
| 6:28 | Crear | Villager (Male) |
| 6:53 | Crear | Villager (Male) |
| 6:53 | Crear | Villager (Male) |
| 6:53 | Crear | Villager (Male) |
| 7:02 | Construir | House |
| 7:09 | Crear | Villager (Male) |
| 7:09 | Crear | Villager (Male) |
| 7:09 | Crear | Villager (Male) |
| 7:30 | Crear | Fishing Ship |
| 7:31 | Crear | Fishing Ship |
| 7:35 | Construir | House |
| 7:49 | Crear | Villager (Male) |
| 7:49 | Crear | Villager (Male) |
| 7:49 | Crear | Villager (Male) |
| 7:50 | Crear | Villager (Male) |
| 8:05 | Crear | Fishing Ship |
| 8:06 | Crear | Fishing Ship |
| 8:06 | Crear | Fishing Ship |
| 8:32 | Crear | Fishing Ship |
| 8:38 | Crear | Villager (Male) |
| 8:38 | Crear | Villager (Male) |
| 8:38 | Crear | Villager (Male) |
| 8:38 | Crear | Villager (Male) |
| 8:56 | Construir | House |
| 8:56 | Construir | House |
| 9:35 | Crear | Fishing Ship |
| 9:42 | Crear | Villager (Male) |
| 9:42 | Crear | Villager (Male) |
| 9:42 | Crear | Villager (Male) |
| 9:42 | Crear | Villager (Male) |
| 9:42 | Crear | Villager (Male) |
| 9:42 | Crear | Villager (Male) |
| 10:00 | Construir | Lumber Camp |
| 10:22 | Crear | Fishing Ship |
| 10:22 | Crear | Fishing Ship |
| 10:22 | Crear | Fishing Ship |
| 10:44 | Crear | Fishing Ship |
| 11:24 | Construir | Dock |
| 11:37 | Investigar | Feudal Age |
| 11:37 | Investigar | Feudal Age |
| 11:37 | Investigar | Feudal Age |
| 11:52 | Construir | Mining Camp |
| 12:50 | Construir | House |
| 12:51 | Construir | House |
| 12:52 | Construir | House |
| 13:20 | Construir | Dock |
| 13:38 | Crear | Villager (Male) ×5 |
| 13:38 | Crear | Villager (Male) ×5 |
| 13:38 | Crear | Villager (Male) ×5 |
| 13:38 | Crear | Villager (Male) ×3 |
| 13:38 | Crear | Villager (Male) ×3 |
| 13:51 | Investigar | Stone Mining |
| 13:51 | Investigar | Stone Mining |
| 13:51 | Investigar | Stone Mining |
| 13:56 | Construir | Watch Tower |
| 14:15 | Investigar | Double-Bit Axe |
| 14:15 | Investigar | Double-Bit Axe |
| 14:15 | Investigar | Double-Bit Axe |
| 14:23 | Construir | Blacksmith |
| 14:43 | Construir | Watch Tower |
| 14:51 | Construir | Mining Camp |
| 15:33 | Construir | Watch Tower |
| 15:39 | Crear | Villager (Male) ×5 |
| 16:33 | Construir | Watch Tower |
| 16:54 | Construir | Stone Wall |
| 17:34 | Crear | Fishing Ship |
| 17:34 | Crear | Fishing Ship |
| 17:39 | Crear | Fishing Ship |
| 17:39 | Crear | Fishing Ship |
| 17:43 | Crear | Fishing Ship |
| 17:43 | Crear | Fishing Ship |
| 17:43 | Crear | Fishing Ship |
| 18:36 | Construir | Lumber Camp |
| 18:43 | Crear | Villager (Male) ×5 |
| 18:51 | Investigar | Fletching |
| 18:52 | Investigar | Fletching |
| 18:52 | Investigar | Fletching |
| 19:38 | Construir | Lumber Camp |
| 20:23 | Construir | Mill |
| 20:27 | Crear | Villager (Male) ×5 |
| 20:55 | Construir | Market |
| 21:26 | Investigar | Castle Age |
| 21:27 | Investigar | Castle Age |
| 21:50 | Construir | Watch Tower |
| 22:02 | Construir | Watch Tower |
| 22:18 | Construir | Watch Tower |
| 22:57 | Construir | Watch Tower |
| 24:24 | Construir | Castle |
| 24:42 | Construir | Siege Workshop |
| 25:05 | Construir | Town Center |
| 25:20 | Crear | Battering Ram |
| 25:20 | Crear | Battering Ram |
| 25:20 | Crear | Battering Ram |
| 25:45 | Investigar | Wheelbarrow |
| 25:45 | Investigar | Wheelbarrow |
| 25:45 | Investigar | Wheelbarrow |
| 26:03 | Crear | Villager (Male) ×5 |
| 26:04 | Crear | Villager (Male) ×5 |
| 26:09 | Construir | Mining Camp |
| 26:27 | Crear | Petard ×2 |
| 26:27 | Crear | Petard ×2 |
| 26:27 | Crear | Petard ×2 |
| 26:34 | Crear | Villager (Male) ×5 |
| 26:34 | Crear | Villager (Male) ×5 |
| 26:34 | Crear | Villager (Male) ×5 |
| 26:56 | Investigar | Gold Mining |
| 26:56 | Investigar | Gold Mining |
| 27:20 | Construir | Town Center |
| 27:37 | Crear | Petard ×5 |
| 27:37 | Crear | Petard ×5 |
| 27:38 | Crear | Petard ×5 |
| 28:04 | Crear | Villager (Male) |
| 28:04 | Crear | Villager (Male) |
| 28:04 | Crear | Villager (Male) |
| 28:24 | Crear | Mangonel |
| 30:46 | Investigar | Hand Cart |
| 31:26 | Construir | Town Center |
| 31:44 | Crear | Villager (Male) |
| 31:44 | Crear | Villager (Male) |
Build order — RKs Raggz
Primeras 150 de 167 acciones detectadas
| 0:38 | Construir | Dock |
| 0:40 | Construir | House |
| 0:47 | Construir | Town Center |
| 2:57 | Crear | Villager (Male) |
| 2:57 | Crear | Villager (Male) |
| 2:58 | Crear | Villager (Male) |
| 2:58 | Crear | Villager (Male) |
| 3:52 | Crear | Villager (Male) |
| 4:20 | Construir | House |
| 4:25 | Crear | Fishing Ship |
| 4:34 | Investigar | Loom |
| 5:17 | Crear | Villager (Male) |
| 5:36 | Crear | Fishing Ship |
| 5:36 | Crear | Fishing Ship |
| 5:37 | Crear | Villager (Male) |
| 5:59 | Crear | Villager (Male) |
| 6:17 | Construir | House |
| 6:23 | Crear | Villager (Male) |
| 6:23 | Crear | Villager (Male) |
| 6:37 | Crear | Fishing Ship |
| 6:56 | Crear | Villager (Male) |
| 7:28 | Crear | Fishing Ship |
| 7:32 | Crear | Villager (Male) |
| 7:32 | Crear | Villager (Male) |
| 7:34 | Crear | Villager (Male) |
| 8:04 | Construir | Palisade Wall |
| 8:20 | Construir | Palisade Gate |
| 8:26 | Crear | Fishing Ship |
| 8:32 | Construir | House |
| 8:40 | Crear | Villager (Male) |
| 9:05 | Construir | Mill |
| 9:10 | Crear | Villager (Male) |
| 9:55 | Construir | Palisade Wall |
| 10:01 | Crear | Fishing Ship |
| 10:04 | Crear | Villager (Male) |
| 10:38 | Construir | Palisade Wall |
| 11:15 | Investigar | Feudal Age |
| 11:28 | Construir | Palisade Wall |
| 13:10 | Construir | House |
| 13:12 | Crear | Villager (Male) |
| 13:34 | Construir | Market |
| 13:43 | Construir | Blacksmith |
| 13:53 | Crear | Villager (Male) |
| 14:06 | Construir | Palisade Gate |
| 14:34 | Investigar | Castle Age |
| 15:04 | Construir | Lumber Camp |
| 16:20 | Construir | House |
| 16:26 | Construir | House |
| 16:30 | Investigar | Double-Bit Axe |
| 16:37 | Construir | Palisade Wall |
| 17:05 | Construir | Palisade Wall |
| 17:28 | Crear | Villager (Male) |
| 17:29 | Crear | Villager (Male) |
| 17:56 | Construir | Castle |
| 17:57 | Crear | Villager (Male) |
| 18:12 | Construir | Palisade Gate |
| 18:25 | Construir | Siege Workshop |
| 18:31 | Crear | Villager (Male) |
| 18:39 | Construir | Mining Camp |
| 18:49 | Investigar | Bow Saw |
| 18:52 | Crear | Villager (Male) |
| 18:58 | Construir | House |
| 19:03 | Construir | House |
| 19:10 | Construir | Outpost |
| 19:15 | Construir | House |
| 19:17 | Crear | Organ Gun |
| 19:18 | Crear | Organ Gun |
| 19:21 | Crear | Organ Gun |
| 19:30 | Crear | Villager (Male) |
| 19:39 | Construir | Palisade Gate |
| 19:41 | Construir | House |
| 19:48 | Crear | Organ Gun |
| 20:02 | Crear | Villager (Male) |
| 20:21 | Crear | Mangonel |
| 20:47 | Crear | Villager (Male) |
| 21:09 | Crear | Villager (Male) |
| 21:25 | Crear | Organ Gun |
| 21:25 | Crear | Organ Gun |
| 21:33 | Crear | Mangonel |
| 21:51 | Construir | Outpost |
| 22:05 | Construir | Farm |
| 22:06 | Construir | Farm |
| 22:06 | Construir | Farm |
| 22:07 | Construir | Farm |
| 22:28 | Construir | House |
| 22:38 | Crear | Villager (Male) |
| 22:42 | Crear | Mangonel |
| 22:50 | Investigar | Town Watch |
| 22:56 | Construir | Farm |
| 23:03 | Construir | Farm |
| 23:07 | Construir | House |
| 23:25 | Construir | Monastery |
| 23:32 | Crear | Organ Gun |
| 23:37 | Crear | Villager (Male) |
| 23:50 | Crear | Villager (Male) |
| 23:57 | Construir | Monastery |
| 24:29 | Crear | Villager (Male) |
| 24:42 | Crear | Villager (Male) |
| 24:44 | Crear | Monk |
| 25:16 | Construir | Town Center |
| 25:22 | Crear | Villager (Male) |
| 25:38 | Crear | Villager (Male) |
| 26:05 | Crear | Villager (Male) |
| 26:25 | Crear | Villager (Male) |
| 26:39 | Investigar | Wheelbarrow |
| 26:53 | Investigar | Redemption |
| 27:03 | Crear | Villager (Male) |
| 27:06 | Crear | Villager (Male) |
| 27:25 | Crear | Villager (Male) |
| 27:53 | Crear | Villager (Male) |
| 28:02 | Crear | Villager (Male) |
| 28:21 | Crear | Villager (Male) |
| 28:34 | Investigar | Horse Collar |
| 28:51 | Crear | Villager (Male) |
| 29:01 | Construir | Town Center |
| 29:20 | Construir | Farm |
| 29:23 | Construir | Farm |
| 29:24 | Construir | Farm |
| 29:35 | Crear | Villager (Male) |
| 29:40 | Crear | Villager (Male) |
| 29:40 | Crear | Villager (Male) ×2 |
| 30:04 | Crear | Monk |
| 30:07 | Crear | Monk |
| 30:33 | Construir | House |
| 30:39 | Crear | Villager (Male) |
| 30:39 | Crear | Villager (Male) |
| 30:42 | Crear | Villager (Male) |
| 30:47 | Crear | Monk |
| 30:49 | Crear | Monk |
| 30:58 | Construir | Stone Wall |
| 31:01 | Construir | Stone Wall |
| 31:03 | Construir | House |
| 31:09 | Crear | Villager (Male) |
| 31:09 | Crear | Villager (Male) |
| 31:09 | Crear | Villager (Male) |
| 31:14 | Crear | Villager (Male) |
| 31:14 | Crear | Villager (Male) |
| 31:43 | Construir | Castle |
| 31:46 | Crear | Villager (Male) |
| 31:52 | Crear | Battering Ram |
| 31:54 | Crear | Mangonel |
| 31:58 | Crear | Villager (Male) |
| 31:59 | Crear | Villager (Male) |
| 31:59 | Crear | Villager (Male) |
| 32:07 | Crear | Villager (Male) |
| 32:14 | Crear | Villager (Male) |
| 32:25 | Crear | Villager (Male) |
| 32:51 | Crear | Mangonel |
| 33:45 | Crear | Villager (Male) |
| 33:50 | Investigar | Town Patrol |
Build order — walnuth
Primeras 150 de 278 acciones detectadas
| 0:20 | Construir | Town Center |
| 0:55 | Construir | Dock |
| 0:56 | Construir | House |
| 2:41 | Crear | Villager (Male) |
| 2:41 | Crear | Villager (Male) |
| 2:41 | Crear | Villager (Male) |
| 2:41 | Crear | Villager (Male) |
| 3:45 | Crear | Fishing Ship |
| 4:09 | Crear | Villager (Male) |
| 4:48 | Investigar | Loom |
| 4:57 | Crear | Fishing Ship |
| 5:21 | Crear | Villager (Male) |
| 5:51 | Crear | Villager (Male) |
| 5:53 | Crear | Fishing Ship |
| 6:04 | Construir | House |
| 6:18 | Crear | Villager (Male) |
| 6:40 | Crear | Villager (Male) |
| 6:47 | Crear | Fishing Ship |
| 7:08 | Crear | Villager (Male) |
| 7:28 | Crear | Villager (Male) |
| 7:29 | Crear | Fishing Ship |
| 7:51 | Crear | Villager (Male) |
| 7:53 | Crear | Fishing Ship |
| 8:13 | Construir | House |
| 8:17 | Construir | House |
| 8:29 | Crear | Villager (Male) |
| 8:58 | Construir | Lumber Camp |
| 9:13 | Crear | Villager (Male) |
| 9:27 | Crear | Villager (Male) |
| 9:33 | Crear | Fishing Ship |
| 9:58 | Crear | Villager (Male) |
| 10:16 | Construir | Mill |
| 10:36 | Crear | Villager (Male) |
| 11:00 | Investigar | Feudal Age |
| 11:07 | Construir | Mining Camp |
| 12:03 | Construir | Dock |
| 12:06 | Construir | House |
| 12:34 | Crear | Villager (Male) |
| 12:34 | Crear | Villager (Male) |
| 13:13 | Crear | Fire Galley |
| 13:13 | Crear | Fire Galley |
| 13:19 | Construir | Blacksmith |
| 13:22 | Construir | Barracks |
| 13:33 | Investigar | Double-Bit Axe |
| 13:45 | Crear | Villager (Male) |
| 14:03 | Crear | Fire Galley |
| 14:04 | Crear | Fire Galley |
| 14:07 | Crear | Villager (Male) |
| 14:47 | Construir | House |
| 15:10 | Crear | Fire Galley |
| 15:11 | Crear | Fire Galley |
| 15:11 | Crear | Villager (Male) |
| 15:28 | Construir | Archery Range |
| 15:34 | Crear | Villager (Male) |
| 16:17 | Investigar | Castle Age |
| 16:44 | Investigar | Fletching |
| 16:49 | Construir | Archery Range |
| 17:46 | Construir | House |
| 17:47 | Construir | House |
| 18:04 | Crear | Fire Galley |
| 18:08 | Investigar | Gold Mining |
| 19:01 | Crear | Elephant Archer |
| 19:01 | Crear | Elephant Archer |
| 19:02 | Crear | Villager (Male) |
| 19:04 | Investigar | War Galley (upgrade) |
| 19:11 | Crear | Villager (Male) |
| 19:19 | Construir | Town Center |
| 19:20 | Crear | Villager (Male) |
| 19:25 | Construir | Town Center |
| 19:28 | Crear | Elephant Archer |
| 19:28 | Crear | Elephant Archer |
| 19:29 | Crear | Villager (Male) |
| 19:44 | Construir | House |
| 20:00 | Crear | Fire Galley |
| 20:15 | Construir | Farm |
| 20:15 | Construir | Farm |
| 20:20 | Crear | Elephant Archer |
| 20:20 | Crear | Elephant Archer |
| 20:37 | Construir | Market |
| 20:48 | Crear | Villager (Male) |
| 20:51 | Construir | Farm |
| 20:52 | Crear | Villager (Male) |
| 20:59 | Investigar | Bodkin Arrow |
| 21:05 | Construir | House |
| 21:17 | Investigar | Padded Archer Armor |
| 21:27 | Crear | Villager (Male) |
| 21:45 | Crear | Elephant Archer |
| 21:51 | Construir | Farm |
| 22:04 | Construir | Farm |
| 22:04 | Crear | Villager (Male) |
| 22:09 | Construir | Farm |
| 22:09 | Construir | Farm |
| 22:27 | Crear | Villager (Male) |
| 22:32 | Construir | Farm |
| 22:42 | Construir | House |
| 22:54 | Crear | Demolition Raft |
| 23:00 | Crear | Fishing Ship |
| 23:02 | Crear | Villager (Male) |
| 23:02 | Crear | Villager (Male) |
| 23:03 | Crear | Villager (Male) |
| 23:05 | Crear | Elephant Archer |
| 23:05 | Crear | Elephant Archer |
| 23:14 | Construir | Siege Workshop |
| 23:25 | Construir | Lumber Camp |
| 23:29 | Crear | Villager (Male) |
| 23:30 | Crear | Villager (Male) |
| 23:30 | Crear | Villager (Male) |
| 23:41 | Crear | Villager (Male) |
| 24:06 | Construir | University |
| 24:11 | Construir | Farm |
| 24:11 | Crear | Villager (Male) |
| 24:13 | Crear | Villager (Male) |
| 24:14 | Crear | Villager (Male) |
| 24:21 | Crear | Mangonel |
| 24:26 | Construir | House |
| 24:29 | Crear | Elephant Archer |
| 24:50 | Crear | Fishing Ship |
| 24:50 | Crear | Fishing Ship |
| 24:58 | Construir | Farm |
| 25:00 | Construir | House |
| 25:12 | Construir | Mining Camp |
| 25:26 | Crear | Villager (Male) |
| 25:26 | Crear | Villager (Male) |
| 25:27 | Crear | Villager (Male) |
| 25:27 | Crear | Villager (Male) |
| 25:28 | Crear | Villager (Male) |
| 25:39 | Crear | Villager (Male) |
| 25:41 | Crear | Villager (Male) |
| 25:42 | Crear | Villager (Male) |
| 25:48 | Crear | Mangonel |
| 25:58 | Construir | Farm |
| 25:59 | Crear | Villager (Male) |
| 26:01 | Investigar | Horse Collar |
| 26:15 | Construir | Farm |
| 26:17 | Crear | Villager (Male) |
| 26:17 | Crear | Villager (Male) |
| 26:23 | Construir | House |
| 26:24 | Construir | House |
| 26:24 | Construir | House |
| 26:25 | Construir | House |
| 26:39 | Crear | Villager (Male) |
| 26:39 | Crear | Villager (Male) |
| 26:39 | Crear | Villager (Male) |
| 26:42 | Construir | House |
| 26:49 | Investigar | Bow Saw |
| 26:57 | Crear | Elephant Archer |
| 26:57 | Crear | Elephant Archer |
| 26:57 | Crear | Elephant Archer |
| 27:15 | Construir | Farm |
| 27:16 | Crear | Villager (Male) |
Build order — EdgarAlRiver
108 acciones detectadas en el replay
| 1:15 | Construir | Town Center |
| 2:11 | Construir | House |
| 2:17 | Construir | House |
| 2:22 | Construir | House |
| 2:29 | Construir | House |
| 3:37 | Crear | Villager (Male) |
| 3:37 | Crear | Villager (Male) |
| 3:37 | Crear | Villager (Male) |
| 3:38 | Crear | Villager (Male) |
| 3:38 | Crear | Villager (Male) |
| 3:49 | Construir | House |
| 3:52 | Construir | Palisade Wall |
| 5:04 | Investigar | Loom |
| 6:57 | Crear | Villager (Male) |
| 6:57 | Crear | Villager (Male) |
| 6:57 | Crear | Villager (Male) |
| 6:57 | Crear | Villager (Male) |
| 8:09 | Crear | Villager (Male) |
| 8:10 | Crear | Villager (Male) |
| 8:10 | Crear | Villager (Male) |
| 8:10 | Crear | Villager (Male) |
| 8:57 | Construir | Settlement |
| 9:20 | Crear | Villager (Male) |
| 10:12 | Crear | Villager (Male) |
| 10:13 | Crear | Villager (Male) |
| 10:49 | Construir | Barracks |
| 11:07 | Crear | Villager (Male) |
| 11:34 | Crear | Villager (Male) |
| 11:56 | Construir | Outpost |
| 12:02 | Crear | Villager (Male) |
| 12:09 | Crear | Villager (Male) |
| 12:37 | Crear | Villager (Male) |
| 12:55 | Crear | Villager (Male) |
| 13:11 | Construir | Dock |
| 13:24 | Investigar | Feudal Age |
| 14:23 | Crear | Villager (Male) |
| 14:29 | Construir | House |
| 15:06 | Crear | Unit 2550 ×3 |
| 15:24 | Construir | House |
| 15:29 | Crear | Villager (Male) |
| 15:41 | Construir | Watch Tower |
| 15:50 | Construir | Blacksmith |
| 16:07 | Crear | Unit 2550 |
| 16:07 | Crear | Unit 2550 |
| 16:40 | Crear | Villager (Male) |
| 16:52 | Crear | Fishing Ship |
| 17:16 | Construir | Gate |
| 17:29 | Construir | Palisade Wall |
| 17:37 | Construir | Settlement |
| 17:39 | Crear | Villager (Male) |
| 17:43 | Crear | Villager (Male) |
| 17:59 | Crear | Fishing Ship |
| 18:01 | Crear | Villager (Male) |
| 18:27 | Investigar | Double-Bit Axe |
| 18:36 | Investigar | Tech 1402 |
| 19:11 | Crear | Villager (Male) |
| 19:35 | Construir | Settlement |
| 19:38 | Crear | Villager (Male) |
| 19:59 | Crear | Fishing Ship |
| 20:43 | Construir | Farm |
| 20:44 | Construir | Farm |
| 20:45 | Construir | Farm |
| 20:47 | Construir | Farm |
| 20:49 | Construir | Farm |
| 20:54 | Crear | Villager (Male) |
| 21:18 | Crear | Villager (Male) |
| 21:27 | Crear | Villager (Male) |
| 22:07 | Crear | Villager (Male) |
| 22:19 | Investigar | Forging |
| 22:22 | Investigar | Fletching |
| 22:59 | Investigar | Scale Mail Armor |
| 23:37 | Crear | Villager (Male) |
| 24:03 | Crear | Villager (Male) |
| 24:20 | Construir | Barracks |
| 24:29 | Crear | Villager (Male) |
| 24:46 | Construir | Settlement |
| 25:57 | Construir | Settlement |
| 26:23 | Crear | Unit 2550 |
| 26:24 | Crear | Unit 2550 |
| 26:34 | Investigar | Horse Collar |
| 26:43 | Investigar | Gold Mining |
| 27:05 | Crear | Villager (Male) |
| 28:16 | Construir | Town Center |
| 29:59 | Crear | Villager (Male) |
| 29:59 | Crear | Villager (Male) |
| 31:16 | Construir | Market |
| 31:29 | Construir | Blacksmith |
| 31:44 | Investigar | Castle Age |
| 32:14 | Investigar | Forging |
| 32:15 | Investigar | Padded Archer Armor |
| 33:22 | Construir | Settlement |
| 34:27 | Investigar | Bow Saw |
| 34:29 | Investigar | Gold Shaft Mining |
| 34:34 | Investigar | Iron Casting |
| 34:37 | Investigar | Bodkin Arrow |
| 34:47 | Construir | Castle |
| 35:42 | Investigar | Pikeman (upgrade) |
| 35:50 | Investigar | Chain Mail Armor |
| 35:59 | Construir | University |
| 36:17 | Construir | Monastery |
| 36:24 | Construir | Farm |
| 36:24 | Construir | Farm |
| 36:25 | Construir | Farm |
| 36:25 | Construir | Farm |
| 36:25 | Construir | Farm |
| 36:26 | Construir | Farm |
| 36:27 | Construir | Farm |
| 36:28 | Construir | Farm |
Build order — SLAMCOW
Primeras 150 de 161 acciones detectadas
| 0:04 | Construir | Town Center |
| 1:55 | Construir | Palisade Gate |
| 2:17 | Construir | Palisade Wall |
| 2:18 | Construir | Palisade Wall |
| 2:27 | Crear | Villager (Male) |
| 2:27 | Crear | Villager (Male) |
| 2:28 | Crear | Villager (Male) |
| 2:28 | Crear | Villager (Male) |
| 2:31 | Construir | House |
| 4:10 | Crear | Villager (Male) |
| 4:44 | Crear | Villager (Male) |
| 4:45 | Crear | Villager (Male) |
| 4:59 | Investigar | Loom |
| 5:31 | Construir | Palisade Gate |
| 5:33 | Construir | Palisade Gate |
| 5:42 | Construir | Palisade Gate |
| 5:59 | Crear | Villager (Male) |
| 5:59 | Crear | Villager (Male) |
| 5:59 | Crear | Villager (Male) |
| 5:59 | Crear | Villager (Male) |
| 6:04 | Construir | Palisade Gate |
| 6:27 | Construir | House |
| 6:28 | Construir | House |
| 7:00 | Construir | Dock |
| 7:07 | Crear | Villager (Male) |
| 7:47 | Construir | Palisade Wall |
| 7:52 | Construir | Palisade Wall |
| 8:05 | Crear | Fishing Ship |
| 8:30 | Construir | Palisade Wall |
| 8:41 | Construir | Palisade Wall |
| 8:50 | Crear | Villager (Male) |
| 8:50 | Crear | Villager (Male) |
| 8:50 | Crear | Villager (Male) |
| 8:51 | Crear | Villager (Male) |
| 8:51 | Crear | Villager (Male) |
| 8:51 | Crear | Villager (Male) |
| 9:08 | Crear | Fishing Ship |
| 9:08 | Crear | Fishing Ship |
| 9:09 | Crear | Fishing Ship |
| 9:16 | Construir | House |
| 9:17 | Construir | Palisade Wall |
| 9:20 | Construir | Palisade Wall |
| 9:21 | Construir | Palisade Wall |
| 10:14 | Construir | Palisade Gate |
| 10:16 | Construir | House |
| 10:24 | Construir | House |
| 10:26 | Construir | House |
| 10:27 | Construir | Palisade Wall |
| 10:33 | Crear | Fishing Ship |
| 10:34 | Crear | Fishing Ship |
| 10:42 | Construir | Palisade Wall |
| 11:29 | Construir | Mill |
| 11:32 | Crear | Villager (Male) |
| 11:32 | Crear | Villager (Male) |
| 11:32 | Crear | Villager (Male) |
| 11:33 | Crear | Villager (Male) |
| 11:38 | Construir | Dock |
| 11:44 | Construir | House |
| 11:48 | Construir | Palisade Wall |
| 12:23 | Crear | Fishing Ship |
| 12:28 | Crear | Fishing Ship |
| 12:48 | Construir | Mining Camp |
| 12:51 | Crear | Villager (Male) |
| 13:04 | Construir | Outpost |
| 13:19 | Construir | Palisade Wall |
| 13:43 | Crear | Villager (Male) |
| 13:43 | Crear | Villager (Male) |
| 13:51 | Construir | Lumber Camp |
| 13:59 | Crear | Fishing Ship |
| 14:27 | Crear | Fishing Ship |
| 14:44 | Crear | Villager (Male) |
| 15:17 | Investigar | Feudal Age |
| 15:37 | Construir | Mining Camp |
| 15:54 | Construir | Dock |
| 16:05 | Construir | House |
| 17:39 | Construir | Watch Tower |
| 17:42 | Crear | Villager (Male) |
| 17:42 | Crear | Villager (Male) |
| 17:50 | Crear | Galley ×5 |
| 17:50 | Crear | Galley ×5 |
| 17:51 | Crear | Galley ×2 |
| 18:25 | Crear | Villager (Male) |
| 18:46 | Construir | Watch Tower |
| 19:05 | Crear | Villager (Male) |
| 19:13 | Construir | Blacksmith |
| 19:53 | Crear | Villager (Male) |
| 19:56 | Crear | Villager (Male) |
| 20:08 | Construir | Lumber Camp |
| 20:36 | Construir | Palisade Gate |
| 20:48 | Crear | Villager (Male) |
| 20:49 | Crear | Villager (Male) |
| 20:49 | Crear | Villager (Male) |
| 21:01 | Construir | Watch Tower |
| 21:22 | Crear | Demolition Raft |
| 21:22 | Crear | Demolition Raft |
| 21:22 | Crear | Demolition Raft |
| 21:38 | Crear | Villager (Male) |
| 22:14 | Construir | Mining Camp |
| 22:23 | Construir | Mill |
| 22:44 | Crear | Villager (Male) |
| 22:47 | Crear | Demolition Raft |
| 22:55 | Construir | House |
| 23:40 | Investigar | Fletching |
| 23:42 | Crear | Villager (Male) |
| 23:42 | Crear | Villager (Male) |
| 24:13 | Construir | Mining Camp |
| 24:42 | Crear | Villager (Male) |
| 24:43 | Crear | Villager (Male) |
| 24:56 | Crear | Villager (Male) |
| 25:45 | Construir | Market |
| 26:00 | Crear | Villager (Male) |
| 26:19 | Investigar | Castle Age |
| 26:32 | Construir | House |
| 26:36 | Construir | Palisade Wall |
| 27:10 | Construir | Palisade Wall |
| 27:15 | Construir | Palisade Wall |
| 27:20 | Construir | House |
| 27:25 | Construir | Palisade Wall |
| 29:15 | Construir | Town Center |
| 29:37 | Construir | Lumber Camp |
| 29:51 | Construir | Palisade Gate |
| 30:02 | Construir | Palisade Gate |
| 30:04 | Construir | Palisade Wall |
| 30:38 | Construir | Town Center |
| 31:25 | Crear | Villager (Male) |
| 31:26 | Crear | Villager (Male) |
| 31:30 | Investigar | Castle Age |
| 32:20 | Crear | Demolition Raft |
| 32:20 | Crear | Demolition Raft |
| 32:51 | Construir | House |
| 32:52 | Construir | House |
| 32:53 | Construir | House |
| 32:54 | Construir | House |
| 33:09 | Construir | House |
| 33:11 | Construir | House |
| 33:12 | Construir | House |
| 33:13 | Construir | House |
| 33:14 | Construir | House |
| 33:49 | Crear | Fishing Ship ×5 |
| 34:12 | Construir | Town Center |
| 34:32 | Construir | Town Center |
| 34:33 | Crear | Villager (Male) |
| 34:33 | Crear | Villager (Male) |
| 34:34 | Crear | Villager (Male) |
| 35:06 | Construir | Dock |
| 35:30 | Crear | Villager (Male) |
| 35:31 | Investigar | Wheelbarrow |
| 35:47 | Crear | Villager (Male) |
| 35:47 | Crear | Villager (Male) |
| 36:00 | Crear | Demolition Raft |
Build order — MORIS0202
Primeras 150 de 265 acciones detectadas
| 0:18 | Construir | Town Center |
| 2:14 | Construir | Dock |
| 2:51 | Construir | House |
| 3:14 | Crear | Villager (Male) |
| 3:14 | Crear | Villager (Male) |
| 3:14 | Crear | Villager (Male) |
| 3:15 | Crear | Villager (Male) |
| 4:34 | Crear | Fishing Ship |
| 4:44 | Investigar | Loom |
| 5:17 | Crear | Villager (Male) |
| 5:39 | Crear | Fishing Ship |
| 5:43 | Construir | House |
| 6:13 | Crear | Villager (Male) |
| 6:14 | Crear | Fishing Ship |
| 6:25 | Construir | House |
| 6:49 | Crear | Villager (Male) |
| 7:23 | Crear | Villager (Male) |
| 7:23 | Crear | Villager (Male) |
| 7:23 | Crear | Villager (Male) |
| 7:24 | Crear | Villager (Male) |
| 7:36 | Construir | House |
| 7:47 | Crear | Villager (Male) |
| 7:47 | Crear | Villager (Male) |
| 8:12 | Construir | Palisade Wall |
| 8:31 | Crear | Fishing Ship |
| 8:47 | Construir | Palisade Wall |
| 8:57 | Construir | Palisade Wall |
| 9:18 | Crear | Fishing Ship |
| 9:22 | Construir | House |
| 9:30 | Crear | Villager (Male) |
| 9:49 | Crear | Villager (Male) |
| 9:55 | Construir | House |
| 10:13 | Construir | House |
| 10:21 | Crear | Villager (Male) |
| 10:21 | Crear | Villager (Male) |
| 10:23 | Crear | Fishing Ship |
| 10:43 | Construir | Mill |
| 11:02 | Crear | Fishing Ship |
| 11:03 | Crear | Fishing Ship |
| 11:03 | Crear | Fishing Ship |
| 11:31 | Crear | Villager (Male) |
| 11:38 | Investigar | Feudal Age |
| 12:24 | Construir | Lumber Camp |
| 13:12 | Crear | Villager (Male) |
| 13:16 | Crear | Unit 2626 |
| 13:21 | Construir | House |
| 13:26 | Construir | House |
| 13:32 | Construir | Mining Camp |
| 13:33 | Crear | Villager (Male) |
| 13:33 | Crear | Villager (Male) |
| 13:46 | Construir | Dock |
| 13:56 | Crear | Villager (Male) |
| 14:33 | Crear | Unit 2626 |
| 14:35 | Crear | Fishing Ship |
| 14:50 | Construir | House |
| 14:57 | Crear | Villager (Male) |
| 15:02 | Construir | Palisade Gate |
| 15:20 | Crear | Villager (Male) |
| 15:29 | Crear | Unit 2626 |
| 15:30 | Crear | Unit 2626 |
| 15:58 | Crear | Villager (Male) |
| 16:00 | Crear | Villager (Male) |
| 16:08 | Construir | Watch Tower |
| 16:17 | Construir | Mining Camp |
| 16:18 | Crear | Villager (Male) |
| 16:21 | Crear | Unit 2626 |
| 16:21 | Crear | Unit 2626 |
| 16:25 | Crear | Villager (Male) |
| 16:30 | Construir | House |
| 16:32 | Construir | Palisade Wall |
| 16:47 | Crear | Villager (Male) |
| 17:03 | Crear | Unit 2626 |
| 17:13 | Crear | Villager (Male) |
| 17:28 | Construir | Blacksmith |
| 18:37 | Crear | Villager (Male) |
| 18:46 | Construir | Watch Tower |
| 18:51 | Construir | Lumber Camp |
| 18:55 | Crear | Villager (Male) |
| 19:04 | Investigar | Fletching |
| 19:25 | Construir | Market |
| 19:48 | Crear | Villager (Male) |
| 20:08 | Crear | Villager (Male) |
| 20:16 | Crear | Fire Galley |
| 20:16 | Crear | Fire Galley |
| 20:39 | Investigar | Castle Age |
| 20:53 | Construir | Watch Tower |
| 21:27 | Crear | Fire Galley |
| 21:27 | Crear | Fire Galley |
| 21:32 | Construir | House |
| 21:40 | Investigar | Double-Bit Axe |
| 21:43 | Construir | House |
| 21:45 | Construir | House |
| 22:45 | Construir | Castle |
| 22:52 | Construir | Castle |
| 23:05 | Investigar | Town Watch |
| 23:09 | Construir | House |
| 23:11 | Construir | House |
| 23:13 | Construir | House |
| 23:31 | Investigar | War Galley (upgrade) |
| 24:46 | Crear | Villager (Male) |
| 25:13 | Crear | Karambit Warrior |
| 25:13 | Crear | Karambit Warrior |
| 25:17 | Construir | Farm |
| 25:20 | Construir | Farm |
| 25:27 | Construir | Siege Workshop |
| 25:28 | Crear | Karambit Warrior |
| 25:28 | Crear | Karambit Warrior |
| 25:36 | Construir | Town Center |
| 25:38 | Investigar | Bow Saw |
| 25:40 | Crear | Villager (Male) |
| 25:45 | Crear | Villager (Male) |
| 25:49 | Crear | Karambit Warrior |
| 25:49 | Crear | Karambit Warrior |
| 25:59 | Construir | House |
| 26:04 | Crear | Battering Ram |
| 26:12 | Investigar | Gold Mining |
| 26:47 | Crear | Battering Ram |
| 26:48 | Crear | Karambit Warrior |
| 26:56 | Crear | Villager (Male) |
| 27:10 | Construir | Dock |
| 28:04 | Crear | Battering Ram |
| 28:17 | Crear | Villager (Male) |
| 28:17 | Crear | Villager (Male) |
| 28:24 | Crear | Villager (Male) |
| 28:24 | Crear | Villager (Male) |
| 28:28 | Construir | Town Center |
| 28:59 | Crear | Karambit Warrior |
| 29:23 | Crear | Karambit Warrior |
| 29:27 | Crear | Villager (Male) |
| 29:27 | Crear | Villager (Male) |
| 29:28 | Crear | Villager (Male) |
| 29:28 | Crear | Villager (Male) |
| 30:44 | Crear | Villager (Male) |
| 30:44 | Crear | Villager (Male) |
| 30:44 | Crear | Villager (Male) |
| 30:44 | Crear | Villager (Male) |
| 30:44 | Crear | Villager (Male) |
| 30:44 | Crear | Villager (Male) |
| 30:52 | Construir | Town Center |
| 30:57 | Construir | Town Center |
| 31:01 | Construir | Town Center |
| 31:07 | Crear | Villager (Male) |
| 31:07 | Crear | Villager (Male) |
| 31:17 | Crear | Fire Galley |
| 31:18 | Crear | Fire Galley |
| 31:18 | Crear | Fire Galley |
| 31:18 | Crear | Fire Galley |
| 31:19 | Crear | Fire Galley |
| 31:19 | Crear | Fire Galley |
| 31:24 | Crear | Battering Ram |
Build order — SLAMFOX
Primeras 150 de 160 acciones detectadas
| 0:16 | Construir | Town Center |
| 0:46 | Construir | Town Center |
| 3:11 | Crear | Villager (Male) ×5 |
| 3:15 | Construir | House |
| 3:17 | Construir | House |
| 4:03 | Investigar | Loom |
| 5:33 | Crear | Villager (Male) |
| 5:34 | Crear | Villager (Male) |
| 5:56 | Construir | Dock |
| 6:12 | Construir | House |
| 6:13 | Construir | House |
| 6:28 | Crear | Villager (Male) |
| 6:42 | Crear | Fishing Ship |
| 7:15 | Crear | Villager (Male) |
| 7:15 | Crear | Villager (Male) |
| 7:16 | Crear | Villager (Male) |
| 7:16 | Crear | Villager (Male) |
| 7:25 | Construir | Palisade Gate |
| 8:15 | Construir | House |
| 8:16 | Construir | House |
| 8:29 | Crear | Villager (Male) |
| 8:30 | Crear | Villager (Male) |
| 8:30 | Crear | Villager (Male) |
| 8:43 | Crear | Villager (Male) |
| 8:49 | Crear | Fishing Ship |
| 9:02 | Crear | Villager (Male) |
| 9:25 | Construir | Palisade Wall |
| 9:29 | Crear | Villager (Male) |
| 9:29 | Crear | Villager (Male) |
| 9:33 | Crear | Fishing Ship |
| 10:24 | Construir | Mill |
| 10:26 | Crear | Villager (Male) |
| 10:30 | Crear | Fishing Ship |
| 10:31 | Crear | Fishing Ship |
| 10:52 | Crear | Villager (Male) |
| 10:53 | Crear | Villager (Male) |
| 11:02 | Construir | House |
| 11:03 | Construir | House |
| 11:05 | Construir | House |
| 11:09 | Crear | Villager (Male) |
| 11:09 | Crear | Villager (Male) |
| 11:09 | Crear | Villager (Male) |
| 11:15 | Crear | Fishing Ship |
| 11:46 | Crear | Fishing Ship |
| 12:52 | Construir | Lumber Camp |
| 13:18 | Investigar | Feudal Age |
| 13:30 | Construir | Mining Camp |
| 13:57 | Construir | Palisade Wall |
| 15:05 | Crear | Villager (Male) |
| 15:05 | Crear | Villager (Male) |
| 15:27 | Construir | Market |
| 15:51 | Construir | Blacksmith |
| 16:20 | Construir | Barracks |
| 16:33 | Crear | Villager (Male) |
| 16:33 | Crear | Villager (Male) |
| 17:00 | Construir | Farm |
| 17:08 | Investigar | Castle Age |
| 17:15 | Construir | Farm |
| 17:16 | Construir | Farm |
| 17:53 | Construir | Mining Camp |
| 18:28 | Investigar | Double-Bit Axe |
| 19:27 | Crear | Villager (Male) |
| 19:27 | Crear | Villager (Male) |
| 19:27 | Crear | Villager (Male) |
| 19:41 | Construir | Stable |
| 19:48 | Crear | Villager (Male) |
| 19:48 | Crear | Villager (Male) |
| 20:00 | Construir | Siege Workshop |
| 20:13 | Construir | House |
| 20:19 | Investigar | Bloodlines |
| 20:19 | Investigar | Husbandry |
| 20:23 | Investigar | Scale Barding Armor |
| 20:25 | Crear | Villager (Male) |
| 20:29 | Crear | Mangonel |
| 20:29 | Crear | Mangonel |
| 21:17 | Crear | Knight |
| 21:17 | Crear | Knight |
| 21:18 | Crear | Knight |
| 22:00 | Construir | Town Center |
| 22:06 | Crear | Villager (Male) |
| 22:07 | Crear | Villager (Male) |
| 22:07 | Crear | Villager (Male) |
| 22:44 | Crear | Knight |
| 22:46 | Crear | Mangonel |
| 23:08 | Crear | Fishing Ship |
| 23:08 | Crear | Fishing Ship |
| 23:08 | Crear | Fishing Ship |
| 23:28 | Construir | House |
| 23:29 | Construir | House |
| 23:46 | Construir | Castle |
| 24:28 | Crear | Mangonel |
| 24:43 | Investigar | Bow Saw |
| 24:51 | Crear | Villager (Male) |
| 24:57 | Construir | House |
| 24:58 | Construir | House |
| 25:51 | Crear | Villager (Male) |
| 25:56 | Crear | Demolition Raft |
| 25:56 | Crear | Demolition Raft |
| 25:57 | Crear | Demolition Raft |
| 26:00 | Crear | Fishing Ship |
| 26:01 | Crear | Fishing Ship |
| 26:01 | Crear | Fishing Ship |
| 26:01 | Crear | Fishing Ship |
| 26:01 | Crear | Fishing Ship |
| 26:24 | Crear | Knight |
| 26:24 | Crear | Knight |
| 26:24 | Crear | Knight |
| 26:58 | Crear | Battering Ram |
| 26:58 | Crear | Battering Ram |
| 26:58 | Crear | Battering Ram |
| 27:07 | Crear | Villager (Male) |
| 27:08 | Crear | Villager (Male) |
| 27:08 | Crear | Villager (Male) |
| 27:45 | Construir | Town Center |
| 27:51 | Crear | Battering Ram |
| 27:51 | Crear | Battering Ram |
| 28:12 | Crear | Villager (Male) |
| 28:13 | Crear | Villager (Male) |
| 28:13 | Crear | Villager (Male) |
| 28:44 | Crear | Villager (Male) |
| 28:45 | Crear | Villager (Male) |
| 29:22 | Crear | Knight |
| 29:22 | Crear | Knight |
| 30:48 | Investigar | Forging |
| 30:49 | Investigar | Chain Barding Armor |
| 31:08 | Construir | Castle |
| 31:21 | Crear | Villager (Male) |
| 31:22 | Crear | Villager (Male) |
| 31:59 | Construir | Castle |
| 32:51 | Construir | Castle |
| 33:02 | Crear | Battering Ram |
| 33:02 | Crear | Battering Ram |
| 33:02 | Crear | Battering Ram |
| 33:48 | Crear | Villager (Male) |
| 33:48 | Crear | Villager (Male) |
| 33:48 | Crear | Villager (Male) |
| 33:48 | Crear | Villager (Male) |
| 33:49 | Crear | Villager (Male) |
| 34:15 | Construir | Farm |
| 34:16 | Construir | Farm |
| 34:17 | Construir | Farm |
| 34:22 | Construir | Farm |
| 34:35 | Investigar | Gold Mining |
| 34:52 | Construir | Farm |
| 34:54 | Construir | Farm |
| 35:10 | Crear | Battering Ram |
| 35:10 | Crear | Battering Ram |
| 35:10 | Crear | Battering Ram |
| 35:10 | Crear | Battering Ram |
| 35:10 | Crear | Battering Ram |
Cronología de la partida
| 0:38 | RKs Raggz · first_building Dock |
| 0:55 | walnuth · first_building Dock |
| 1:28 | OL noken · first_building Dock |
| 2:14 | MORIS0202 · first_building Dock |
| 2:17 | SLAMCOW · wall_segment Palisade Wall x1 |
| 2:18 | SLAMCOW · wall_segment Palisade Wall x1 |
| 3:02 | Razgado12 · first_building Dock |
| 3:52 | EdgarAlRiver · wall_segment Palisade Wall x1 |
| 5:56 | SLAMFOX · first_building Dock |
| 7:00 | SLAMCOW · first_building Dock |
| 7:47 | SLAMCOW · wall_segment Palisade Wall x1 |
| 7:52 | SLAMCOW · wall_segment Palisade Wall x1 |
| 8:04 | RKs Raggz · wall_segment Palisade Wall x2 |
| 8:12 | MORIS0202 · wall_segment Palisade Wall x1 |
| 8:30 | SLAMCOW · wall_segment Palisade Wall x1 |
| 8:41 | SLAMCOW · wall_segment Palisade Wall x1 |
| 8:47 | MORIS0202 · wall_segment Palisade Wall x1 |
| 8:57 | MORIS0202 · wall_segment Palisade Wall x1 |
| 9:17 | SLAMCOW · wall_segment Palisade Wall x1 |
| 9:20 | SLAMCOW · wall_segment Palisade Wall x4 |
| 9:21 | SLAMCOW · wall_segment Palisade Wall x1 |
| 9:25 | SLAMFOX · wall_segment Palisade Wall x3 |
| 9:55 | RKs Raggz · wall_segment Palisade Wall x1 |
| 10:27 | SLAMCOW · wall_segment Palisade Wall x1 |
| 10:38 | RKs Raggz · wall_segment Palisade Wall x1 |
| 10:42 | SLAMCOW · wall_segment Palisade Wall x3 |
| 10:49 | EdgarAlRiver · first_building Barracks |
| 11:28 | RKs Raggz · wall_segment Palisade Wall x1 |
| 11:48 | SLAMCOW · wall_segment Palisade Wall x3 |
| 13:11 | EdgarAlRiver · first_building Dock |
| 13:19 | SLAMCOW · wall_segment Palisade Wall x8 |
| 13:22 | walnuth · first_building Barracks |
| 13:57 | SLAMFOX · wall_segment Palisade Wall x19 |
| 15:28 | walnuth · first_building Archery Range |
| 16:20 | SLAMFOX · first_building Barracks |
| 16:32 | MORIS0202 · wall_segment Palisade Wall x1 |
| 16:37 | RKs Raggz · wall_segment Palisade Wall x7 |
| 16:54 | OL noken · wall_segment Stone Wall x15 |
| 17:05 | RKs Raggz · wall_segment Palisade Wall x4 |
| 17:29 | EdgarAlRiver · wall_segment Palisade Wall x4 |
| 17:56 | RKs Raggz · first_building Castle |
| 18:25 | RKs Raggz · first_building Siege Workshop |
| 19:41 | SLAMFOX · first_building Stable |
| 19:45 | SLAMFOX · first_market_sell 100 stone |
| 19:46 | SLAMFOX · first_market_buy 100 wood |
| 20:00 | SLAMFOX · first_building Siege Workshop |
| 20:06 | RKs Raggz · first_market_sell 100 food |
| 21:08 | Razgado12 · first_building Castle |
| 22:13 | walnuth · first_market_buy 100 wood |
| 22:19 | MORIS0202 · first_market_sell 500 food |
| 22:20 | MORIS0202 · first_market_buy 100 stone |
| 22:45 | MORIS0202 · first_building Castle |
| 23:14 | walnuth · first_building Siege Workshop |
| 23:25 | RKs Raggz · first_building Monastery |
| 23:46 | SLAMFOX · first_building Castle |
| 24:24 | OL noken · first_building Castle |
| 24:42 | OL noken · first_building Siege Workshop |
| 25:27 | MORIS0202 · first_building Siege Workshop |
| 25:53 | Razgado12 · first_building Siege Workshop |
| 26:36 | SLAMCOW · wall_segment Palisade Wall x1 |
| 27:10 | SLAMCOW · wall_segment Palisade Wall x1 |
| 27:15 | SLAMCOW · wall_segment Palisade Wall x1 |
| 27:25 | SLAMCOW · wall_segment Palisade Wall x1 |
| 28:26 | SLAMCOW · first_market_sell 100 food |
| 28:28 | SLAMCOW · first_market_buy 100 wood |
| 28:45 | walnuth · first_building Stable |
| 30:04 | SLAMCOW · wall_segment Palisade Wall x1 |
| 30:58 | RKs Raggz · wall_segment Stone Wall x1 |
| 31:01 | RKs Raggz · wall_segment Stone Wall x1 |
| 32:20 | walnuth · first_building Castle |
| 33:23 | walnuth · wall_segment Stone Wall x12 |
| 34:12 | RKs Raggz · first_building Barracks |
| 34:47 | EdgarAlRiver · first_building Castle |
| 35:21 | RKs Raggz · first_building Stable |
| 36:17 | EdgarAlRiver · first_building Monastery |
| 36:40 | RKs Raggz · resign |
[ ANÁLISIS IA · 1 CRÉDITO ]
¿Qué pasó realmente en esta partida?
Wolo.gg analiza cada decisión: build order, eco, micro, errores típicos por bracket. Análisis personalizado por WhatsApp o Discord en 30 segundos.
Guía civ
Italianos
Perfil
Jugador #428877